 Dungeon Crawl Stone Soup version 0.30-a0-354-g6b83867211 (webtiles) character file.

Game seed: 14129896597092789683

227 koil the Sneak (level 5, -6/25 HPs)
             Began as a Spriggan Enchanter on Nov 8, 2022.
             Killed by divine providence
             ... invoked by an orc priest
              (13 damage)
             ... on level 4 of the Dungeon.
             The game lasted 00:11:05 (3945 turns).

koil the Sneak (Spriggan Enchanter)                 Turns: 3945, Time: 00:11:05

Health: -6/25      AC:  2    Str:  4    XL:     5   Next: 70%
Magic:  2/11       EV: 18    Int: 18    God:
Gold:   114        SH:  0    Dex: 16    Spells: 3/11 levels left

rFire   . . .      SeeInvis +    a - +1 dagger
rCold   . . .      Faith    .    (no shield)
rNeg    . . .      Spirit   .    b - +0 robe
rPois   .          Reflect  .    (helmet restricted)
rElec   .          Harm     .    (no cloak)
rCorr   .          Rampage  .    (gloves unavailable)
Will    .....                    (boots unavailable)
Stlth   +++.......               (no amulet)
HPRegen 0.24/turn                (no ring)
MPRegen 0.12/turn                (no ring)

@: very slightly contaminated, very quick
A: very small, no large weapons, unfitting armour, see invisible, speed 3
a: no special abilities


You were on level 4 of the Dungeon.
You visited 1 branch of the dungeon, and saw 4 of its levels.

You collected 210 gold pieces.
You spent 96 gold pieces at shops.

Inventory:

Hand Weapons
 a - a +1 dagger (weapon)
Missiles
 d - 29 stones (quivered)
 p - 3 poisoned darts
Armour
 b - a +0 robe (worn)
Jewellery
 m - an amulet of faith
Wands
 s - a wand of paralysis (9)
 t - a wand of flame (28)
Scrolls
 f - a scroll of noise {unknown}
 g - 2 scrolls of vulnerability {unknown}
 h - 4 scrolls of teleportation {unknown}
 j - 3 scrolls of identify {unknown}
 l - a scroll of blinking {unknown}
 r - a scroll of poison {unknown}
 u - a scroll of immolation {unknown}
 w - a scroll of butterflies {unknown}
Potions
 c - 2 potions of invisibility
 e - a potion of flight {unknown}
 i - 2 potions of mutation
 k - 3 potions of resistance {unknown}
 n - 2 potions of degeneration {unknown}
 o - a potion of brilliance {unknown}
 q - a potion of ambrosia {unknown}
 v - a potion of curing {unknown}


   Skills:
 + Level 1.5 Fighting
 + Level 2.6 Short Blades
 + Level 3.8 Dodging
 + Level 5.6 Stealth
 + Level 3.9 Spellcasting
 + Level 0.3 Conjurations
 + Level 4.6 Hexes


You had 3 spell levels left.
You knew the following spells:

 Your Spells              Type           Power      Damage    Failure   Level
a - Ensorcelled Hibernat  Hex/Ice        22%        N/A       9%          2
b - Confusing Touch       Hex            20%        N/A       7%          3
c - Dazzling Flash        Conj/Hex       24%        N/A       16%         3

Your spell library contained the following spells:

 Spells                   Type           Power      Damage    Failure   Level
 Slow                     Hex            80%        N/A       2%          1
 Tukima's Dance           Hex            20%        N/A       7%          3
 Vampiric Draining        Necr           3%         2d6       41%         3
 Iskenderun's Mystic Bla  Conj/Tloc      4%         2d3       80%         4
 Starburst                Conj/Fire      2%         6d3       100%        6


Dungeon Overview and Level Annotations

Branches:
Dungeon (4/15)
 Temple: D:4-7

Altars:
Cheibriados
Kikubaaqudgha
Nemelex Xobeh
Ru

Shops:
D:2 !(*(   D:3 !


Innate Abilities, Weirdness & Mutations

You are very small and have problems with some larger weapons.
You are too small for most types of armour.
You have supernaturally acute eyesight. (SInv)
You cover ground extremely quickly. (Speed+++)


Message History

Aiming: Ensorcelled Hibernation (safe; 9% risk of failure)
Press: ? - help, Shift-Dir - straight line, f/p - orc
Aim: an orc, wielding a +0 short sword and wearing a +0 leather armour (lightly wounded, chance to affect: 62%)
The orc looks drowsy...
The helpless orc fails to defend itself.
You impale the orc!!
You kill the orc!
Casting: Ensorcelled Hibernation (safe; 9% risk of failure)
Confirm with . or Enter, or press ? or * to list all spells.
Aiming: Ensorcelled Hibernation (safe; 9% risk of failure)
Press: ? - help, Shift-Dir - straight line, f - orc priest
Aim: an orc priest, wielding a +0 whip and wearing a +0 leather armour (chance to affect: 45%)
You miscast Ensorcelled Hibernation.
You are very lightly contaminated with residual magic.
Nothing appears to happen.
Casting: Ensorcelled Hibernation (safe; 9% risk of failure)
Confirm with . or Enter, or press ? or * to list all spells.
Aiming: Ensorcelled Hibernation (safe; 9% risk of failure)
Press: ? - help, Shift-Dir - straight line, f/p - orc priest
Aim: an orc priest, wielding a +0 whip and wearing a +0 leather armour (chance to affect: 45%)
The orc priest resists with some effort.
The orc priest calls down the wrath of Beogh upon you.
Beogh smites you!
* * * LOW HITPOINT WARNING * * *
Casting: Ensorcelled Hibernation (safe; 9% risk of failure)
Confirm with . or Enter, or press ? or * to list all spells.
You don't have enough magic to cast this spell.
Unknown command.
Casting: Ensorcelled Hibernation (safe; 9% risk of failure)
Confirm with . or Enter, or press ? or * to list all spells.
You don't have enough magic to cast this spell.
Unknown command.
Things that are here:
a +0 short sword; a +0 leather armour An orc wizard comes into view.
It is wielding a +0 dagger.
The orc wizard shouts!
You hear a shout! x2
The orc priest invokes the aid of Beogh against you.
Beogh smites you!
Ouch! That really hurt!
You die...

#o ..#.# #..
#.#.# #.# #o#.#
#.# #.#.# #.#
#o#.## # #.#
#....####..#
##.###..#..@....#
#...)o....####.##
#..######## #..#
##..# #...## # ##
#....#####
##.#.###
#........# .#..
... ####.###.#
... #.##


You could see an orc priest and an orc wizard.

Vanquished Creatures
  Natasha (thrice) (D:3)
  4 gnolls (D:2)
  3 adders
  An ufetubus (D:4)
  A dart slug (D:3)
  2 orcs
  4 endoplasms
  3 giant cockroaches
  4 goblins
  12 hobgoblins
  10 jackals
  A quokka (D:3)
  9 ball pythons
  5 bats
  A frilled lizard (D:3)
  7 kobolds
  4 rats
  2 fungi (D:2)
  3 plants (D:2)
79 creatures vanquished.

Notes
Turn   | Place    | Note
-------+----------+-------------------------------------------
     0 | D:1      | koil the Spriggan Enchanter began the quest for the Orb.
     0 | D:1      | Reached XP level 1. HP: 9/9 MP: 5/5
   183 | D:1      | Reached XP level 2. HP: 11/13 MP: 6/6
   186 | D:1      | Learned a level 2 spell: Ensorcelled Hibernation
   756 | D:1      | Reached XP level 3. HP: 11/17 MP: 8/8
  1224 | D:2      | Found Ryuwo's General Store.
  1254 | D:2      | Found a faded altar of an unknown god.
  1254 | D:2      | Found Muetweriga's Antique Weapon Emporium.
  1257 | D:2      | Found Demokhept's Antique Weapon Boutique.
  1334 | D:2      | Reached skill level 5 in Stealth
  1678 | D:2      | Reached XP level 4. HP: 19/21 MP: 10/10
  1795 | D:2      | Found a snail-covered altar of Cheibriados.
  1805 | D:2      | Found Cewamnabe's Distillery.
  1816 | D:2      | Bought a potion of mutation for 96 gold pieces
  1872 | D:2      | Reached skill level 1 in Fighting
  1939 | D:2      | Found Cewamnabe's Distillery.
  1960 | D:2      | Found Demokhept's Antique Weapon Boutique.
  1964 | D:2      | Found a faded altar of an unknown god.
  1979 | D:2      | Found Ryuwo's General Store.
  1982 | D:2      | Found Muetweriga's Antique Weapon Emporium.
  2397 | D:2      | Found a snail-covered altar of Cheibriados.
  2473 | D:3      | Found Owono's Distillery.
  2632 | D:3      | Learned a level 3 spell: Confusing Touch
  2636 | D:3      | Learned a level 3 spell: Dazzling Flash
  2677 | D:3      | Found a sacrificial altar of Ru.
  2684 | D:3      | Found a sparkling altar of Nemelex Xobeh.
  2830 | D:3      | Reached XP level 5. HP: 25/25 MP: 11/11
  2879 | D:3      | Found a faded altar of an unknown god.
  3094 | D:3      | Noticed Natasha
  3102 | D:3      | Killed Natasha
  3342 | D:3      | Noticed Natasha
  3354 | D:3      | HP: 5/25 [Natasha (6)]
  3358 | D:3      | Killed Natasha
  3367 | D:3      | Noticed Natasha
  3371 | D:3      | HP: 2/25 [Natasha/puff of flame (6)]
  3563 | D:3      | Killed Natasha
  3775 | D:4      | Found an ancient bone altar of Kikubaaqudgha.
  3937 | D:4      | HP: 5/25 [orc priest/divine providence (11)]
  3945 | D:4      | Killed from afar by an orc priest

Illustrated notes

Levels and vault maps discovered:
D:1:      ebering_trefoil_3fold, layout_basic, serial_glass, glass_columns_a,
          glass_columns_a, feat_on_display, item_on_display_a, item_on_display_a
D:2:      layout_rooms, serial_shops, nicolae_shop_overgrown_old_shop,
          nicolae_shop_trees, nicolae_shop_statue_plus, nicolae_shop_trees,
          basic_altar, dreamdust_ecumenical_altar_grove, serial_corexii_hall,
          corexii_hall_statues_deadend, chequers_hall_statues_wall_a,
          corexii_hall_statues_l, corexii_hall_statues_l, grunt_ministairs_9
D:3:      layout_basic, nicolae_overflow_ecumenical_swirl,
          amethyst_overflow_temple_binary, serial_shops, nicolae_shop_stone,
          uniq_natasha
D:4:      layout_loops_ring, kennysheep_little_box,
          nicolae_overflow_crystal_walls, minmay_temple_entry_ruins

Skill      XL: |  1  2  3  4 |
---------------+-------------+-----
Spellcasting   | 3 |  3.9
Hexes          | 4 |  4.6
Dodging        | 3 |  3.8
Short Blades   | 2 |  2.6
Stealth        | 5 |  5.6
Fighting       | 1 |  1.5
Conjurations   | |  0.3

Action                   |  1- 3 |  4- 6 || total
-------------------------+-------+-------++-------
Melee: Dagger            |   163 |   117 ||   280
       Punch             |     2 |     3 ||     5
 Cast: Ensorcelled Hiber |     3 |    25 ||    28
       Confusing Touch   |       |     3 ||     3
 Stab: Sleeping          |    12 |    12 ||    24
       Confused          |       |     3 ||     3
Armor: Robe              |    15 |     5 ||    20
Dodge: Dodged            |   122 |   129 ||   251

Table legend: (Time is in decaauts)
 A = Elapsed time spent in this place.
 B = Non-inter-level travel time spent in this place.
 C = Inter-level travel time spent in this place.
 D = Time resting spent in this place.
 E = Time spent auto-exploring this place.
 F = Levels seen in this place.
 G = Mean time per level.
                   A        B        C        D        E       F      G
               +--------+--------+--------+--------+--------+-----+--------+
         Total |   2781 |   2739 |     42 |    221 |   1948 |   4 |  695.2 |
       Dungeon |   2781 |   2739 |     42 |    221 |   1948 |   4 |  695.2 |
               +--------+--------+--------+--------+--------+-----+--------+

Top non-repeatable levels by time:
     D:2: 934 daAuts
     D:1: 897 daAuts
     D:3: 794 daAuts
     D:4: 155 daAuts
